 Seeded DCSS version 0.27.1-34-g3ba077fa99 (webtiles) character file.

Game seed: 17438665072932102009 (custom seed)

393 hikkokomori the Geomancer (level 6, 0/42 HPs)
             Began as a Gargoyle Earth Elementalist on Feb 2, 2022.
             Killed from afar by a steam dragon (9 damage)
             ... with a ball of steam
             ... on level 4 of the Dungeon.
             The game lasted 00:09:27 (4038 turns).

hikkokomori the Geomancer (GrEE)                    Turns: 4038, Time: 00:09:28

Health: 0/42       AC:  6    Str: 12    XL:     6   Next: 81%
Magic:  15/15      EV: 11    Int: 17    God:
Gold:   96         SH:  0    Dex: 10    Spells: 16/17 levels left

rFire    . . .     SeeInvis .   p - +0 short sword (spect)
rCold    . . .     Faith    .   (no shield)
rNeg     + . .     Spirit   .   b - +0 robe
rPois    ∞         Reflect  .   (no helmet)
rElec    +         Harm     .   (no cloak)
rCorr    .         Rampage  .   (no gloves)
Will     .....                  (no boots)
Stlth    +++.......             (no amulet)
HPRegen  0.14/turn              (no ring)
MPRegen  0.14/turn              (no ring)

@: very slightly contaminated, invisible
A: sickness immunity, AC +4, negative energy resistance 1, electricity
resistance, torment resistance 1, petrification resistance
a: no special abilities


You were on level 4 of the Dungeon.
You visited 1 branch of the dungeon, and saw 4 of its levels.

You collected 96 gold pieces.

Inventory:

Hand Weapons
 i - a +0 long sword
 p - a +0 spectral short sword (weapon)
Missiles
 c - 20 stones
 l - a throwing net
Armour
 b - a +0 robe (worn)
Wands
 r - a wand of iceblast (7)
Scrolls
 f - a scroll of teleportation {unknown}
 g - a scroll of blinking
 h - a scroll of immolation {unknown}
 j - a scroll of acquirement {unknown}
 k - a scroll of brand weapon
 o - a scroll of enchant weapon {unknown}
Potions
 a - a potion of experience
 d - a potion of magic {unknown}
 e - 5 potions of curing
 m - a potion of heal wounds {unknown}
 n - a potion of invisibility
 q - a potion of degeneration {unknown}
 s - a potion of cancellation {unknown}


   Skills:
 + Level 6.6 Fighting
 - Level 1.5 Dodging
 + Level 7.7 Stealth
 + Level 6.0 Spellcasting
 - Level 0.7 Transmutations
 + Level 8.3 Earth Magic


You had 16 spell levels left.
You knew the following spells:

 Your Spells              Type           Power      Damage    Failure   Level
a - Sandblast             Erth           66%        2d15      1%          1

Your spell library contained the following spells:

 Spells                   Type           Power      Damage    Failure   Level
 Passwall                 Tmut/Erth      16%        N/A       3%          2
 Stone Arrow              Conj/Erth      38%        3d9       7%          3
 Petrify                  Tmut/Erth      20%        N/A       21%         4


Dungeon Overview and Level Annotations

Branches:
Dungeon (4/15)
 Temple: D:4-7

Altars:
Elyvilon
Gozag
Ru
The Shining One

Shops:
D:1 *


Innate Abilities, Weirdness & Mutations

You are immune to sickness and miasma.
Your stone body is resilient. (AC +4)
You are immune to poison.
You resist negative energy. (rN+)
You are resistant to electric shocks. (rElec)
You are resistant to unholy torment.
You are immune to petrification.


Message History

The hound bites you.
* * * LOW HITPOINT WARNING * * *
The hound bites you but does no damage. The hound bites you but does no damage.
You barely miss the hound.
Your +0 spectral short sword hits the hound.
The hound bites you.
* * * LOW HITPOINT WARNING * * *
Unknown command.
You barely miss the hound.
The hound is moderately wounded.
Your +0 spectral short sword misses the hound.
The hound completely misses you.
The hound pauses to sniff the ground.
The hound barely misses you.
Unknown command.
You closely miss the hound.
The hound is moderately wounded.
Your +0 spectral short sword hits the hound!
The hound bites your +0 spectral short sword but does no damage.
The hound misses your +0 spectral short sword.
It was a potion of invisibility.
You fade into invisibility!
The hound barely misses you.
You are very lightly contaminated with residual magic.
The hound barely misses you.
You miss the hound.
The hound is almost dead.
Your +0 spectral short sword hits the hound!
You kill the hound!
You closely miss the scorpion.
The scorpion is moderately wounded.
Your +0 spectral short sword hits the scorpion!
The scorpion stings your +0 spectral short sword but does no damage.
You hit the steam dragon but do no damage.
The steam dragon is severely wounded.
Your +0 spectral short sword hits the steam dragon.
The steam dragon breathes steam at your +0 spectral short sword.
The ball of steam hits you!
You die...

#.#.#.>...................
#.#.#..#............#####.
##.###...............#
#....).......†.......##
#..###....##.#.####D..#
#..###....##.#..###...####.
#.........#...(...#........
#..#.#.)..##....s##..#####.
...........'.._.@†.........
####.#...........D#..####..
#.#....##.....#...# #
#...†###...###..# #....#
##.## ....# #..... .....
....# #..................
#.......#.... .....
#.....(.'....


You could see a steam dragon (catching breath), a scorpion (ally target) and a
friendly +0 spectral short sword (summoned).

Vanquished Creatures
  A scorpion (D:4)
  A crimson imp (D:4)
  A hound (D:4)
  Natasha (thrice) (D:3)
  A gnoll (D:1)
  2 adders (D:2)
  3 dart slugs
  6 orcs
  6 endoplasms
  A giant cockroach (D:3)
  6 goblins
  7 hobgoblins
  4 jackals
  2 kobolds
  3 quokkas
  7 ball pythons
  8 bats
  5 frilled lizards
  A goblin zombie (D:4)
  A hobgoblin zombie (D:4)
  A kobold skeleton (D:4)
  2 kobold zombies (D:4)
  An orc skeleton (D:4)
  2 orc zombies (D:4)
  8 rats
83 creatures vanquished.

Vanquished Creatures (others)
  A plant (D:1)
1 creature vanquished.

Grand Total: 84 creatures vanquished

Notes
Turn   | Place    | Note
-------+----------+-------------------------------------------
     0 | D:1      | hikkokomori the Gargoyle Earth Elementalist began the quest
                  | for the Orb.
     0 | D:1      | Reached XP level 1. HP: 10/10 MP: 3/3
   331 | D:1      | Reached XP level 2. HP: 11/16 MP: 1/5
   438 | D:1      | Reached skill level 1 in Fighting
   663 | D:1      | Reached skill level 4 in Earth Magic
   931 | D:1      | Found Wumasosm's Assorted Antiques.
   937 | D:1      | Reached XP level 3. HP: 11/20 MP: 6/6
  1982 | D:2      | Found a faded altar of an unknown god.
  2295 | D:2      | Reached XP level 4. HP: 24/25 MP: 7/7
  2822 | D:3      | Reached skill level 5 in Spellcasting
  2822 | D:3      | Reached skill level 8 in Earth Magic
  2822 | D:3      | Reached XP level 5. HP: 37/37 MP: 9/13
  3198 | D:3      | Noticed Natasha
  3207 | D:3      | Killed Natasha
  3321 | D:3      | Found an opulent altar of Gozag.
  3330 | D:3      | Found a sacrificial altar of Ru.
  3415 | D:3      | Found a white marble altar of Elyvilon.
  3603 | D:3      | Noticed Natasha
  3613 | D:3      | Killed Natasha
  3614 | D:3      | Reached XP level 6. HP: 32/42 MP: 12/14
  3625 | D:3      | Noticed Natasha
  3629 | D:3      | Killed Natasha
  3833 | D:4      | Noticed a steam dragon
  3918 | D:4      | Found a glowing golden altar of the Shining One.
  4038 | D:4      | Killed from afar by a steam dragon

Illustrated notes

Levels and vault maps discovered:
D:1:      matt_arrival_los_fun, layout_basic, serial_shops,
          nicolae_shop_overgrown_old_shop
D:2:      layout_rooms, shapermc_ecumenical_altar_venn, minmay_tall_x
D:3:      layout_loops_ring, lemuel_doored_altar, mainiacjoe_overflow_big_doors,
          kennysheep_generic_room_7, uniq_natasha
D:4:      layout_basic, nicolae_tso_besieged_by_evil,
          fedhas_altar_decomposition, nicolae_qazlal_eye_of_the_storm,
          nicolae_ossuary_entry_monument

Skill      XL: |  1  2  3  4  5  6 |
---------------+-------------------+-----
Fighting       | 1 6 |  6.6
Earth Magic    | 4 8 |  8.3
Stealth        | 3 7 |  7.7
Spellcasting   | 5 6 |  6.0
Dodging        | |  1.5
Transmutations | |  0.7

Action                   |  1- 3 |  4- 6 || total
-------------------------+-------+-------++-------
Melee: Unarmed           |    14 |       ||    14
       Long sword        |    87 |    15 ||   102
       Short sword       |       |   128 ||   128
 Cast: Sandblast         |    14 |    17 ||    31
  Use: Potion            |       |     2 ||     2
       Scroll            |       |     4 ||     4
 Stab: Sleeping          |     2 |     4 ||     6
       Distracted        |       |     2 ||     2
Armor: Robe              |    40 |    40 ||    80
Dodge: Dodged            |    68 |    89 ||   157
       Rpst.: Long sword |    25 |    10 ||    35
